 Dungeon Crawl Stone Soup version 0.22.1-2-g9c5b331 (webtiles) character file.

553643 delarado the Sorcerer (level 25, 0/126 HPs)
             Began as a Deep Elf Fire Elementalist on Dec 26, 2018.
             Was the Champion of Vehumet.
             Slain by a titan (5 damage)
             ... on level 4 of the Vaults on Dec 31, 2018.
             The game lasted 06:54:53 (81830 turns).

delarado the Sorcerer (Deep Elf Fire Elementalist) Turns: 81830, Time: 06:54:54

Health: 0/126      AC: 12    Str:  8    XL:     25   Next: 13%
Magic:  65/77      EV: 21    Int: 33    God:    Vehumet [******]
Gold:   3394       SH:  7    Dex: 17    Spells: 3/67 levels left

rFire    + + +     SeeInvis .   h - +11 eveningstar "Wenoliph" {crush, MR++ MP+9 Stlth+}
rCold    + + .     Gourm    .   P - +2 buckler
rNeg     . . .     Faith    .   k - +2 robe {Archmagi}
rPois    .         Spirit   .   r - +2 hat {MR+}
rElec    .         Reflect  .   G - +2 cloak {+Inv}
rCorr    .         Harm     .   x - +2 pair of gloves {Str+3}
MR       +++++                  (no boots)
Stlth    +++.......             Q - amulet "Caysufutz" {Acrobat Dex+2}
HPRegen  0.31/turn              u - ring of magical power
MPRegen  0.45/turn              b - ring of Pyromania {rF+++ rC++ MP+9}

@: very slightly contaminated, deflect missiles
A: frail 1
}: 3/15 runes: barnacled, slimy, gossamer
a: Renounce Religion, Evoke Invisibility


You were on level 4 of the Vaults.
You worshipped Vehumet.
Vehumet was exalted by your worship.
You were not hungry.

You visited 10 branches of the dungeon, and saw 50 of its levels.
You visited 1 bazaar.
You also visited: Ice Cave.

You collected 5933 gold pieces.
You spent 2539 gold pieces at shops.

Inventory:

Hand Weapons
 h - the +11 eveningstar "Wenoliph" (weapon) {crush, MR++ MP+9 Stlth+}
   (You found it on level 6 of the Lair of Beasts)

   It inflicts extra damage upon your enemies.
   It affects your resistance to hostile enchantments.
   It affects your magic capacity (+9).
   It makes you more stealthy.
Armour
 k - a +2 robe of the Archmagi (worn)
 r - a +2 hat of magic resistance (worn)
 x - a +2 pair of gloves of strength (worn)
 G - a +2 cloak of invisibility (worn)
 P - a +2 buckler (worn)
Magical Staves
 p - an uncursed staff of energy
Jewellery
 b - the ring of Pyromania (right hand) {rF+++ rC++ MP+9}
   (You found it on level 5 of the Pits of Slime)

   [ring of magical power]

   It renders you almost immune to fire.
   It greatly protects you from cold.
   It affects your magic capacity (+9).
 d - an uncursed ring of flight
 u - a ring of magical power (left hand)
 A - an uncursed ring of see invisible
 M - the ring of Nomesud {Fire Str+5 Slay+3}
   (You found it on level 5 of the Pits of Slime)

   [ring of fire]

   It enhances your fire magic.
   It affects your strength (+5).
   It affects your accuracy and damage with ranged weapons and melee attacks
   (+3).
   It protects you from fire.
   It makes you vulnerable to cold.
 Q - the amulet "Caysufutz" (around neck) {Acrobat Dex+2}
   (You acquired it on level 1 of the Lair of Beasts)

   [amulet of the acrobat]

   It helps you evade while moving and waiting.
   It affects your dexterity (+2).
 T - an uncursed ring of wizardry
Wands
 l - a wand of scattershot (3)
 F - a wand of digging (57)
 K - a wand of clouds (7)
 L - a wand of acid (20)
 R - a wand of disintegration (39)
 S - a wand of iceblast (17)
Scrolls
 e - 6 scrolls of fear
 g - 23 scrolls of remove curse
 j - a scroll of silence
 n - 6 scrolls of magic mapping
 o - 6 scrolls of fog
 s - 12 scrolls of teleportation
 w - 2 scrolls of enchant armour
 y - 5 scrolls of blinking
 C - 16 scrolls of identify
 V - a scroll of summoning
 Y - 6 scrolls of immolation
Potions
 a - 7 potions of brilliance
 f - a potion of magic
 m - 9 potions of flight
 z - 13 potions of curing
 B - 2 potions of resistance
 I - 5 potions of ambrosia
 J - 8 potions of heal wounds
 O - 3 potions of mutation
 U - a potion of invisibility
 W - 2 potions of haste
 X - 2 potions of cancellation
Miscellaneous
 t - 2 phantom mirrors
 v - a crystal ball of energy
Comestibles
 c - 37 rations


   Skills:
 - Level 10.0 Fighting
 - Level 12.0 Dodging
 - Level 2.4 Stealth
 - Level 4.0 Shields
 + Level 21.5 Spellcasting
 - Level 20.2 Conjurations
 - Level 19.0 Charms
 - Level 16.0 Necromancy
 + Level 11.6 Translocations
 - Level 20.6 Fire Magic
 - Level 9.0 Air Magic
 - Level 5.0 Earth Magic
 * Level 18.5 Evocations


You had 3 spell levels left.
You knew the following spells:

 Your Spells              Type           Power        Failure   Level  Hunger
a - Flame Tongue          Conj/Fire      #####        0%          1    None
b - Conjure Flame         Conj/Fire      ########     0%          3    None
c - Sticky Flame          Conj/Fire      ########     0%          4    None
d - Fireball              Conj/Fire      ########..   0%          5    None
e - Apportation           Tloc           ######       0%          1    None
f - Deflect Missiles      Chrm/Air       ########..   1%          6    None
g - Iskenderun's Battles  Conj/Chrm      ########     0%          5    None
h - Bolt of Fire          Conj/Fire      ########..   1%          6    None
i - Iron Shot             Conj/Erth      ########..   1%          6    None
j - Blink                 Tloc           N/A          0%          2    None
k - Ignition              Fire           ########..   1%          8    ####...
l - Death's Door          Chrm/Necr      ########..   4%          8    ####...
m - Fire Storm            Conj/Fire      ########..   5%          9    #####..

Your spell library contained the following spells:

 Spells                   Type           Power        Failure   Level  Hunger
 Shatter                  Erth           #######...   100%        9    #####..
 Animate Skeleton         Necr           N/A          0%          1    None
 Magic Dart               Conj           ####         0%          1    None
 Sting                    Conj/Pois      ####         0%          1    None
 Searing Ray              Conj           ######       0%          2    None
 Swiftness                Chrm/Air       ########     0%          2    None
 Throw Flame              Conj/Fire      ######       0%          2    None
 Static Discharge         Conj/Air       ########     0%          3    None
 Stone Arrow              Conj/Erth      ######       0%          3    None
 Confusing Touch          Hex            ######       1%          1    None
 Corona                   Hex            ######.      1%          1    None
 Sandblast                Erth           ######       1%          1    None
 Summon Butterflies       Summ           ######..     1%          1    None
 Summon Small Mammal      Summ           ####         1%          1    None
 Call Imp                 Summ           ######..     1%          2    None
 Passwall                 Tmut/Erth      ######..     1%          2    None
 Poisonous Vapours        Pois/Air       ######       1%          2    None
 Slow                     Hex            ######..     1%          2    None
 Dazzling Spray           Conj/Hex       ######       1%          3    None
 Gell's Gravitas          Tloc           ########..   1%          3    None
 Inner Flame              Hex/Fire       ########     1%          3    None
 Lesser Beckoning         Tloc           ########..   1%          3    None
 Mephitic Cloud           Conj/Pois/Air  #######.     1%          3    None
 Ozocubu's Armour         Chrm/Ice       #######.     1%          3    None
 Portal Projectile        Hex/Tloc       ######       1%          3    None
 Call Canine Familiar     Summ           ######..     2%          3    None
 Summon Guardian Golem    Hex/Summ       ######..     2%          3    None
 Tukima's Dance           Hex            ######..     2%          3    None
 Force Lance              Conj/Tloc      ########     0%          4    None
 Iskenderun's Mystic Bla  Conj           ########     0%          4    None
 Fulminant Prism          Conj/Hex       ########..   1%          4    None
 Passage of Golubria      Tloc           N/A          1%          4    None
 Summon Lightning Spire   Summ/Air       #######.     1%          4    None
 Bolt of Magma            Conj/Fire/Erth ########..   1%          5    None
 Excruciating Wounds      Chrm/Necr      ########..   1%          5    None
 Irradiate                Conj/Tmut      ########..   1%          5    None
 Lee's Rapid Deconstruct  Erth           #######...   1%          5    None
 Lightning Bolt           Conj/Air       ########..   1%          5    None
 Venom Bolt               Conj/Pois      ########..   1%          5    None
 Bolt of Cold             Conj/Ice       ########..   1%          6    None
 Dispersal                Tloc           ########..   1%          6    None
 Freezing Cloud           Conj/Ice/Air   #######...   1%          6    None
 Orb of Destruction       Conj           ########..   1%          7    None
 Ring of Flames           Chrm/Fire      ########..   1%          7    None
 Olgreb's Toxic Radiance  Pois           ######..     2%          4    None
 Summon Forest            Summ/Tloc      #######...   2%          5    None
 Leda's Liquefaction      Hex/Erth       ######....   3%          4    None
 Petrify                  Tmut/Erth      ######..     3%          4    None
 Silence                  Hex/Air        #######...   3%          5    None
 Spellforged Servitor     Conj/Summ      ########..   3%          7    None
 Simulacrum               Ice/Necr       #######...   4%          6    None
 Yara's Violent Unravell  Hex/Tmut       ######....   7%          5    None
 Cause Fear               Hex            ######....   9%          4    None
 Ice Form                 Ice/Tmut       ######..     9%          4    None
 Summon Ice Beast         Ice/Summ       ######..     9%          4    None
 Borgnjor's Revivificati  Necr           ########..   9%          8    ####...
 Infestation              Necr           ########..   9%          8    ####...
 Alistair's Intoxication  Tmut/Pois      ######..     24%         5    None
 Metabolic Englaciation   Hex/Ice        ######....   24%         5    None
 Haunt                    Necr/Summ      #######...   28%         7    None
 Ozocubu's Refrigeration  Ice            ######....   32%         6    None
 Statue Form              Tmut/Erth      ######...    43%         6    None
 Controlled Blink         Tloc           N/A          43%         8    ####...
 Disjunction              Tloc           ########..   43%         8    ####...
 Malign Gateway           Summ/Tloc      #######...   56%         7    None
 Darkness                 Hex            ######....   80%         6    None
 Hydra Form               Tmut           ######....   80%         6    None
 Invisibility             Hex            ######..     80%         6    None
 Necromutation            Tmut/Necr      #######...   91%         8    ####...
 Tornado                  Air            #######...   99%         9    #####..
 Dragon Form              Tmut           ######....   100%        7    None
 Monstrous Menagerie      Summ           ######....   100%        7    None
 Summon Greater Demon     Summ           ######....   100%        7    None
 Discord                  Hex            ######....   100%        8    ####...
 Summon Horrible Things   Summ           ######....   100%        8    ####...


Dungeon Overview and Level Annotations

Branches:
Dungeon (15/15)            Temple (1/1) D:5            Lair (6/6) D:8
 Shoals (4/4) Lair:4       Spider (4/4) Lair:3        Slime (5/5) Lair:5
    Orc (2/2) D:9             Elf (3/3) Orc:2        Vaults (5/5) D:13
  Crypt (0/3) Vaults:2     Depths (5/5) D:15            Zot (0/5) Depths:5

Altars:
Cheibriados
Dithmenos
Elyvilon
Fedhas
Gozag
Hepliaklqana
Kikubaaqudgha
Makhleb
Nemelex Xobeh
Okawaru
Qazlal
Ru
Sif Muna
Trog
Vehumet
Wu Jian
Xom
Yredelemnul
Zin
The Shining One
Beogh

Shops:
D:5 ?   D:12 }!%}%   Orc:2 :?(?[   Elf:2 :   Elf:3 }   Shoals:3 %?
Depths:1 *=}=   Depths:2 (*=

Portals:
Hell: Depths:1 Depths:3 Depths:4 Depths:5
Abyss: Depths:3 Depths:4
Pandemonium: Depths:2 Depths:3
Ziggurat: Depths:3
Trove: D:10 (give 8 potions of agility)

Annotations:
D:3 1 exclusion
D:6 2 transporters, Monzz's ghost, novice HOMo
Shoals:4 1 runed door, poxu's ghost, adept HOFi
Elf:2 3 runed doors


Innate Abilities, Weirdness & Mutations

You are frail. (-10% HP)


Message History

You block the war gargoyle's attack.
The deep elf high priest calls down the wrath of its god upon you.
Something smites you! The titan hits you!!
* * * LOW HITPOINT WARNING * * *
The quicksilver dragon bites you!
* * * LOW HITPOINT WARNING * * *
You block the quicksilver dragon's attack.
The two-headed ogre misses you. x2
You climb upwards.
There is a stone staircase leading down here.
Unknown command.
Casting: Bolt of Fire (safe; 1% risk of failure)
Confirm with . or Enter, or press ? or * to list all spells.
You feel a surge of power!
You miscast Death's Door.
You are very lightly contaminated with residual magic.
The war gargoyle hits you but does no damage.
The quicksilver dragon breathes dispelling energy at you.
The bolt of dispelling energy misses you.
The titan hits you.
You die...

#...## ####.## ##.## ##.).##
##### ##..<..# #.... #.....##
#.... ##...## ###############..##
#### ##.## #C............#..##
...## ##.####9@...###.....#..#.
..[.## ##...).DO..#.......#...#
.....## #####)..#.#####...#..#.
####e.#########...#.#.......#..##
...#...#........#.#.#.#####.#..##
...#...#......#.#.#.#.#)#[#.'....
...#...#......#.#######(#.#.#....
####..##......'...#.#.#.....#####
.....###......'.[.#.#.###..(# #


You could see a titan, a quicksilver dragon, a two-headed ogre and a war
gargoyle.

Vanquished Creatures
  the Royal Jelly (Slime:5)
  A juggernaut (Depths:5)
  Boris (Vaults:4)
  Saint Roka (Depths:3)
  3 caustic shrikes (Depths:3)
  Frederick (Vaults:2)
  3 golden dragons
  Nikola (Shoals:1)
  Xtahua (Vaults:4)
  Jory (Depths:4)
  A bone dragon (Depths:5)
  2 tentacled monstrosities
  5 liches
  Rupert (D:15)
  4 titans
  2 deep elf blademasters (Elf:3)
  2 deep elf master archers (Elf:3)
  20 acid blobs
  Polyphemus (Shoals:2)
  4 sphinxes
  4 shadow dragons
  Agnes (Spider:2)
  Gastronok (D:9)
  Kirke (D:14)
  2 storm dragons (Depths:4)
  4 tengu reavers
  16 azure jellies
  The ghost of Bymempis the Alchemist, an adept DsTm of Wu Jian (Spider:2)
  6 frost giants
  6 fire giants
  7 ghost moths
  14 vault wardens
  4 deep elf sorcerers
  2 emperor scorpions (Spider:4)
  8 ironheart preservers
  5 spriggan defenders
  A draconian stormcaller (Depths:5)
  A draconian shifter (Depths:5)
  2 war gargoyles
  5 deep elf elementalists
  14 very ugly things
  20 stone giants
  2 vampire knights
  2 deep elf demonologists (Elf:3)
  A lorocyproca (Depths:2)
  15 deep elf annihilators
  A green draconian (Depths:5)
  2 yellow draconians (Depths:5)
  11 spark wasps
  6 dire elephants (Lair:6)
  A red draconian (Depths:5)
  3 purple draconians (Depths:5)
  Snorg (D:10)
  2 merfolk javelineers (Shoals:3)
  12 ettins
  3 jiangshi (Depths:1)
  Josephine (Lair:4)
  20 yaktaur captains
  10 fire dragons
  4 death oozes
  17 great orbs of eyes
  12 merfolk impalers
  6 deep elf death magi (Elf:3)
  6 rakshasas
  3 deep elf high priests
  24 vault guards (Vaults:5)
  3 catoblepae
  8 hydras
  Erolcha (Orc:2)
  4 spriggan air magi
  13 ice dragons
  9 centaur warriors
  An anaconda (Lair:6)
  5 satyrs
  40 two-headed ogres
  6 merfolk aquamancers
  6 merfolk avatars
  An alligator snapping turtle (Shoals:4)
  4 death knights
  An alligator (Shoals:4)
  2 death yaks (Shoals:2)
  6 deep troll shamans
  15 ogre magi
  Urug (D:11)
  14 deep troll earth magi
  11 dancing weapons
  5 vampire magi
  8 spriggan berserkers
  4 tengu warriors
  5 hell knights
  16 deep elf knights
  A shadow wraith (Vaults:4)
  17 skeletal warriors
  A salamander mystic (Depths:4)
  3 iron trolls
  4 flayed ghosts
  23 deep trolls
  A gelid demonspawn (Depths:2)
  A deep troll (shapeshifter) (D:13)
  7 sea snakes
  2 glowing orange brains
  3 unseen horrors
  A glowing orange brain (shapeshifter) (Depths:4)
  19 deep elf archers
  9 ironbrand convokers
  16 orb spiders
  8 wizards
  A harpy (shapeshifter) (D:13)
  3 necromancers
  13 orc knights
  6 phantasmal warriors
  27 ugly things
  34 wolf spiders
  2 tengu skeletons
  12 harpies
  12 orc sorcerers
  67 deep elf magi
  26 fauns
  A frost giant zombie (Vaults:4)
  6 shining eyes
  2 salamanders (Depths:4)
  8 cyclopes
  A faun (shapeshifter) (Depths:2)
  A moth of wrath (shapeshifter) (Vaults:4)
  17 manticores
  14 elephants
  Maurice (D:8)
  5 black mambas
  Joseph (D:10)
  2 guardian serpents (shapeshifter)
  16 vault sentinels
  6 gargoyles
  3 ice statues (IceCv)
  2 torpor snails (Spider:4)
  8 merfolk sirens
  8 water nymphs
  5 eyes of devastation
  A human zombie (Vaults:5)
  An elf skeleton (Vaults:5)
  9 spiny frogs
  A yaktaur (shapeshifter) (Depths:5)
  4 rime drakes
  7 freezing wraiths
  A tengu conjurer (D:15)
  8 komodo dragons
  14 demonic crawlers
  An efreet (D:14)
  3 kobold demonologists
  2 red devils
  57 yaktaurs
  A troll (shapeshifter) (Elf:1)
  39 merfolk
  2 ice devils (D:15)
  A human skeleton (Vaults:4)
  29 jumping spiders
  6 trolls
  27 hornets
  3 polar bears
  6 wind drakes
  5 blink frogs (Lair:6)
  A meliai zombie (D:11)
  9 snapping turtles
  8 dream sheep (Shoals:2)
  15 hippogriffs
  114 slime creatures
  A centaur simulacrum (D:15)
  A spriggan (shapeshifter) (Depths:3)
  A frost giant simulacrum (Vaults:4)
  2 shadows
  An air elemental (Elf:3)
  15 spriggans
  7 wraiths
  71 redbacks
  45 tarantellas
  2 vampires
  2 wyverns
  20 water elementals
  5 hungry ghosts
  2 chaos spawn (Depths:2)
  7 fire elementals
  13 golden eyes
  61 yaks
  2 basilisks
  2 vampire mosquitoes (D:12)
  9 wargs
  An acid dragon (D:15)
  15 water moccasins
  A soldier ant (shapeshifter) (Vaults:1)
  A hornet zombie (D:5)
  A black bear (D:6)
  7 sky beasts
  43 orc warriors
  8 porcupines
  3 necrophages
  8 eyes of draining
  9 ice beasts
  5 phantoms
  13 wolves
  7 boggarts
  41 ogres
  30 centaurs
  10 crocodiles
  7 big kobolds
  12 bullfrogs
  A wyvern zombie (D:10)
  4 gnoll sergeants (D:9)
  An earth elemental (Elf:3)
  An ogre simulacrum (Vaults:1)
  6 scorpions
  A wyvern skeleton (D:12)
  4 vampire bats (Lair:3)
  3 electric eels
  10 wights
  A howler monkey (D:6)
  2 crimson imps
  3 quasits
  A wyvern simulacrum (D:15)
  6 centaur zombies
  3 hounds
  21 orc priests
  7 centaur skeletons
  2 bullfrog skeletons
  4 jellies
  An iron imp (Depths:4)
  6 iguanas
  37 orc wizards
  6 worker ants
  5 hell rats (Lair:6)
  3 hound skeletons
  Robin (D:3)
  3 worker ant zombies
  8 gnolls
  A howler monkey skeleton (D:4)
  5 adders
  4 shadow imps
  An ooze (D:1)
  2 adder zombies
  4 worms
  A dart slug (D:5)
  A leopard gecko (D:4)
  96 orcs
  2 gnoll zombies (D:8)
  14 goblins
  12 hobgoblins
  9 jackals
  4 quokkas
  A ball python (D:3)
  12 bats
  2 frilled lizards
  28 kobolds
  A leopard gecko zombie (D:8)
  5 rats
  A bush (Lair:1)
  A fungus (Lair:6)
  24 plants
  A withered plant (Spider:2)
2210 creatures vanquished.

Vanquished Creatures (collateral kills)
  An acid blob (Slime:5)
  A golden dragon zombie (Vaults:5)
2 creatures vanquished.

Vanquished Creatures (others)
  2 merfolk impalers (Depths:1)
  A centaur warrior (Depths:5)
  A wizard (D:3)
  2 yaktaurs (Depths:2)
  A tengu conjurer (D:14)
  A water elemental (Elf:3)
  5 humans (D:14)
  An eye of draining (D:14)
  A boggart (Depths:2)
  A scorpion (D:14)
  2 wights (D:14)
  11 fire vortices
  15 fungi
  30 plants
74 creatures vanquished.

Grand Total: 2286 creatures vanquished

Notes
Turn   | Place    | Note
-------+----------+-------------------------------------------
     0 | D:1      | delarado the Deep Elf Fire Elementalist began the quest for
                  | the Orb.
     0 | D:1      | Reached XP level 1. HP: 10/10 MP: 6/6
   271 | D:1      | Reached XP level 2. HP: 15/15 MP: 4/8
  1084 | D:2      | Reached XP level 3. HP: 19/19 MP: 7/9
  2049 | D:3      | Noticed Robin
  2237 | D:3      | Reached XP level 4. HP: 22/24 MP: 7/10
  2466 | D:3      | Killed Robin
  2576 | D:3      | Found an ancient bone altar of Kikubaaqudgha.
  2679 | D:3      | Found a bloodstained altar of Trog.
  2681 | D:3      | Noticed a wizard
  2685 | D:3      | Killed a wizard
  2953 | D:4      | Found an iron altar of Okawaru.
  3028 | D:4      | Learned a level 3 spell: Conjure Flame
  3051 | D:4      | Reached skill level 5 in Fire Magic
  3163 | D:4      | Found a white marble altar of Elyvilon.
  3167 | D:4      | Found a hazy altar of Hepliaklqana.
  3176 | D:4      | Reached XP level 5. HP: 28/28 MP: 11/11
  3674 | D:5      | Entered Level 5 of the Dungeon
  3698 | D:5      | Noticed a centaur
  4189 | D:5      | Noticed an ice beast
  4194 | D:5      | Killed an ice beast
  4194 | D:5      | Reached XP level 6. HP: 32/32 MP: 8/12
  4299 | D:5      | Reached skill level 5 in Conjurations
  4433 | D:6      | Learned a level 4 spell: Sticky Flame
  4744 | D:5      | Found Peentups's Magic Scroll Emporium.
  4887 | D:5      | Found a staircase to the Ecumenical Temple.
  4896 | Temple   | Entered the Ecumenical Temple
  5141 | Temple   | Became a worshipper of Vehumet
  5727 | D:5      | Reached XP level 7. HP: 36/36 MP: 6/13
  5957 | D:6      | Found a transporter.
  5958 | D:6      | Noticed a yak
  5958 | D:6      | Noticed Monzz's ghost (novice HOMo)
  5958 | D:6      | Noticed a tengu conjurer
  5978 | D:6      | Found a transporter.
  6523 | D:6      | Reached XP level 8. HP: 40/41 MP: 6/14
  7225 | D:7      | Learned a level 5 spell: Fireball
  7254 | D:7      | Noticed a hippogriff
  7271 | D:7      | Killed a hippogriff
  7533 | D:7      | Reached * piety under Vehumet
  7533 | D:7      | Offered knowledge of Sandblast by Vehumet.
  7590 | D:7      | You fall through a shaft!
  7882 | D:8      | Found a staircase to the Lair.
  7958 | D:7      | Found a hazy altar of Hepliaklqana.
  8293 | D:7      | Found a blossoming altar of Fedhas.
  8677 | D:8      | Reached XP level 9. HP: 33/45 MP: 1/15
  8878 | D:8      | Noticed Maurice
  8881 | D:8      | Killed Maurice
  8881 | D:8      | Reached skill level 10 in Fire Magic
  9561 | D:8      | Found a basalt altar of Yredelemnul.
  9601 | Lair:1   | Entered Level 1 of the Lair of Beasts
  9602 | Lair:1   | Reached skill level 10 in Conjurations
  9687 | Lair:1   | Noticed a komodo dragon
  9694 | Lair:1   | Killed a komodo dragon
  9694 | Lair:1   | Reached skill level 1 in Fighting
  9732 | Lair:1   | Reached ** piety under Vehumet
  9732 | Lair:1   | Reached skill level 4 in Spellcasting
  9734 | Lair:1   | Offered knowledge of Freeze by Vehumet.
  9877 | Lair:1   | Reached skill level 5 in Spellcasting
  9964 | Lair:1   | Noticed a spiny frog
  9972 | Lair:1   | Killed a spiny frog
  9972 | Lair:1   | Reached XP level 10. HP: 54/54 MP: 4/20
 10446 | Lair:1   | Noticed an elephant
 10454 | Lair:1   | Reached skill level 5 in Dodging
 10474 | Lair:1   | Killed an elephant
 10474 | Lair:1   | Reached skill level 6 in Spellcasting
 10655 | Lair:1   | Learned a level 1 spell: Apportation
 11266 | D:9      | Reached skill level 1 in Translocations
 11683 | D:9      | Reached skill level 7 in Spellcasting
 12514 | D:9      | Reached skill level 8 in Spellcasting
 12519 | D:9      | Offered knowledge of Dazzling Spray by Vehumet.
 12769 | D:9      | Reached *** piety under Vehumet
 12829 | D:9      | Reached XP level 11. HP: 62/62 MP: 11/25
 12995 | D:9      | Found a staircase to the Orcish Mines.
 13426 | D:10     | Entered Level 10 of the Dungeon
 13426 | D:10     | Noticed Urug
 13618 | Lair:1   | Identified 2 scrolls of acquirement
 13619 | Lair:1   | Got a vibrating golden amulet
 13620 | Lair:1   | Identified the amulet "Caysufutz" {Acrobat Dex+2} (You
                  | acquired it on level 1 of the Lair of Beasts)
 13713 | Lair:2   | Reached skill level 5 in Fighting
 13977 | Lair:2   | Offered knowledge of Fulminant Prism by Vehumet.
 13977 | Lair:2   | Reached skill level 9 in Spellcasting
 15322 | Lair:3   | Reached **** piety under Vehumet
 15326 | Lair:3   | Reached XP level 12. HP: 70/70 MP: 16/27
 15719 | Lair:3   | Noticed a catoblepas
 15726 | Lair:3   | Killed a catoblepas
 15832 | Lair:3   | Found a hole to the Spider Nest.
 15915 | Lair:3   | Reached skill level 10 in Dodging
 16038 | Lair:3   | Noticed a five-headed hydra
 16043 | Lair:3   | Killed a five-headed hydra
 17088 | Lair:3   | Reached skill level 1 in Shields
 17093 | Lair:3   | Offered knowledge of Stone Arrow by Vehumet.
 17775 | Lair:4   | Noticed a four-headed hydra
 17777 | Lair:4   | Killed a four-headed hydra
 17902 | Lair:4   | Found a staircase to the Shoals.
 18119 | Lair:4   | Noticed Josephine
 18121 | Lair:4   | Killed Josephine
 18133 | Lair:4   | Reached XP level 13. HP: 78/78 MP: 7/28
 18781 | Lair:5   | Found a staircase to the Slime Pits.
 19699 | Orc:1    | Entered Level 1 of the Orcish Mines
 19699 | Orc:1    | Noticed Gastronok
 19707 | D:9      | Killed Gastronok
 19804 | Orc:1    | Reached ***** piety under Vehumet
 19816 | Orc:1    | Offered knowledge of Bolt of Magma by Vehumet.
 20192 | Orc:1    | Reached skill level 10 in Spellcasting
 20790 | Orc:2    | Entered Level 2 of the Orcish Mines
 20790 | Orc:2    | Found a staircase to the Elven Halls.
 21059 | Orc:2    | Reached skill level 10 in Fighting
 21157 | Orc:2    | Reached skill level 11 in Spellcasting
 21207 | Orc:2    | Found Bozxaolu's Antique Armour Shoppe.
 21972 | Orc:2    | Noticed Erolcha
 21973 | Orc:2    | Killed Erolcha
 22099 | Orc:2    | Found an ancient bone altar of Kikubaaqudgha.
 22102 | Orc:2    | Reached skill level 12 in Spellcasting
 22102 | Orc:2    | Paralysed by an orc sorcerer for 6 turns
 22110 | Orc:2    | Paralysed by an orc sorcerer for 7 turns
 22143 | Orc:1    | HP: 4/82 [poisoned by an orange demon]
 22148 | Orc:1    | HP: 2/82 [poisoned by an orange demon]
 22153 | Orc:1    | HP: 2/82 [poisoned by an orange demon]
 22160 | Orc:1    | HP: 1/82 [poisoned by an orange demon]
 22168 | Orc:1    | HP: 1/82 [poisoned by an orange demon]
 22685 | Orc:2    | Found Cywosaof's Antique Weapon Boutique.
 22701 | Orc:2    | Reached skill level 13 in Spellcasting
 22760 | Orc:2    | Offered knowledge of Iskenderun's Battlesphere by Vehumet.
 22815 | Orc:2    | Found a radiant altar of Vehumet.
 22839 | Orc:2    | Found a roughly hewn altar of Beogh.
 22839 | Orc:2    | Found Mehesin's Book Shop.
 22856 | Orc:2    | Found Qavvozy's Magic Scroll Shop.
 22859 | Orc:2    | Bought a book of Enchantments for 750 gold pieces
 22866 | Orc:2    | Learned a level 6 spell: Deflect Missiles
 22876 | Orc:2    | Found Dyvyfuneidgh's Magic Scroll Boutique.
 22878 | Orc:2    | Bought a scroll of identify for 26 gold pieces
 22878 | Orc:2    | Bought a scroll of identify for 26 gold pieces
 22878 | Orc:2    | Bought a scroll of silence for 97 gold pieces
 22889 | Orc:2    | Bought a scroll of identify for 26 gold pieces
 22889 | Orc:2    | Bought a scroll of identify for 26 gold pieces
 22889 | Orc:2    | Bought a scroll of identify for 26 gold pieces
 22889 | Orc:2    | Bought a scroll of identify for 26 gold pieces
 22889 | Orc:2    | Bought a scroll of amnesia for 45 gold pieces
 22889 | Orc:2    | Bought a scroll of amnesia for 45 gold pieces
 23110 | D:9      | Learned a level 5 spell: Iskenderun's Battlesphere
 23231 | Lair:6   | Entered Level 6 of the Lair of Beasts
 23352 | Lair:6   | Reached skill level 1 in Charms
 23352 | Lair:6   | Reached skill level 1 in Air Magic
 23371 | Lair:6   | Reached XP level 14. HP: 88/88 MP: 30/33
 23557 | Lair:6   | Reached skill level 5 in Charms
 24034 | Lair:6   | Got a brightly glowing eveningstar
 24035 | Lair:6   | Identified the +11 eveningstar "Wenoliph" {crush, MR++ MP+9
                  | Stlth+} (You found it on level 6 of the Lair of Beasts)
 24825 | Lair:6   | Reached skill level 5 in Air Magic
 25628 | D:10     | Noticed Joseph
 25631 | D:10     | Killed Joseph
 25817 | D:10     | Noticed Snorg
 25824 | D:10     | Killed Snorg
 26066 | D:10     | Offered knowledge of Bolt of Fire by Vehumet.
 26080 | D:10     | Learned a level 6 spell: Bolt of Fire
 26227 | D:10     | Reached skill level 10 in Charms
 26423 | D:10     | Found a portal to a secret trove of treasure.
 26652 | D:11     | Killed Urug
 26680 | D:11     | Found a flickering gateway to a bazaar.
 26690 | Bazaar   | Entered a bazaar
 26749 | Bazaar   | Found Alenuynt's Distillery.
 26753 | Bazaar   | Bought a potion of haste for 130 gold pieces
 26753 | Bazaar   | Bought a potion of cancellation for 104 gold pieces
 26753 | Bazaar   | Bought a potion of degeneration for 13 gold pieces
 26753 | Bazaar   | Found Koute's Book Boutique.
 26753 | Bazaar   | Found Jeirano's Book Boutique.
 26754 | Bazaar   | Found Posei's Antique Armour Boutique.
 26764 | Bazaar   | Bought a book of the Warp for 810 gold pieces
 27162 | D:11     | Found a blossoming altar of Fedhas.
 27893 | D:12     | Found Ijogobb's Food Shoppe.
 28242 | D:12     | Found Ipsey's Gadget Shop.
 28344 | D:12     | Found Bitij's Distillery.
 28471 | D:12     | Reached XP level 15. HP: 92/92 MP: 26/34
 28670 | D:12     | Found Rewamm's Gadget Boutique.
 28922 | D:12     | Found Vicom's Food Shop.
 29024 | D:13     | Found a gate to the Vaults.
 29489 | D:13     | Offered knowledge of Freezing Cloud by Vehumet.
 29489 | D:13     | Reached skill level 5 in Translocations
 30678 | D:14     | Noticed Kirke
 30683 | D:14     | Killed Kirke
 31220 | D:14     | Offered knowledge of Iron Shot by Vehumet.
 31237 | D:14     | Reached skill level 14 in Spellcasting
 31251 | D:14     | Learned a level 6 spell: Iron Shot
 31791 | Elf:1    | Entered Level 1 of the Elven Halls
 31794 | Elf:1    | Reached skill level 1 in Earth Magic
 32759 | Elf:1    | Reached XP level 16. HP: 97/97 MP: 36/36
 33537 | Elf:2    | Reached skill level 15 in Spellcasting
 33564 | Elf:2    | Reached skill level 5 in Earth Magic
 33577 | Elf:2    | Reached skill level 10 in Translocations
 33721 | Elf:2    | Found Zughisk's Book Shop.
 34357 | Elf:2    | Found a runed gate.
 34357 | Elf:2    | Found a runed gate.
 34366 | Elf:2    | Found a runed gate.
 35058 | D:15     | Entered Level 15 of the Dungeon
 35077 | D:15     | Found a frozen archway.
 35088 | IceCv    | Entered an ice cave
 35195 | IceCv    | Reached skill level 16 in Spellcasting
 35366 | IceCv    | Identified Sif Muna's Disquisition on the Volcanoes and
                  | Poisoning
 35374 | IceCv    | Got an ichor-stained morningstar
 35375 | IceCv    | Identified the +5 morningstar of Flawed Execution {crush,
                  | +Blink} (You found it in an ice cave)
 35792 | D:15     | Noticed Rupert
 35800 | D:15     | Killed Rupert
 35806 | D:15     | Reached ****** piety under Vehumet
 35808 | D:15     | Offered knowledge of Bolt of Cold by Vehumet.
 36550 | D:15     | Reached XP level 17. HP: 102/102 MP: 39/39
 36692 | D:15     | Found a staircase to the Depths.
 37061 | Spider:1 | Entered Level 1 of the Spider Nest
 39115 | Elf:3    | Entered Level 3 of the Elven Halls
 39214 | Elf:3    | Offered knowledge of Conjure Ball Lightning by Vehumet.
 39708 | Elf:3    | Found Mafuy's Gadget Emporium.
 40223 | Elf:3    | Noticed a deep elf blademaster
 40229 | Elf:3    | Killed a deep elf blademaster
 40234 | Elf:3    | Noticed a deep elf blademaster
 40243 | Elf:3    | Killed a deep elf blademaster
 40248 | Elf:3    | Reached skill level 17 in Spellcasting
 40942 | Elf:3    | Reached skill level 15 in Conjurations
 40961 | Elf:3    | Reached skill level 15 in Fire Magic
 41095 | Elf:3    | Noticed a deep elf master archer
 41097 | Elf:3    | Killed a deep elf master archer
 41286 | Elf:3    | Noticed a deep elf master archer
 41289 | Elf:3    | Killed a deep elf master archer
 41293 | Elf:3    | Reached XP level 18. HP: 100/107 MP: 30/41
 41536 | Elf:3    | Identified Xiyhib's Collected Works on Combat Magic and the
                  | Volcanoes
 41539 | Elf:3    | Identified the Reference Book on the Dislocated Arsonist
 41546 | Elf:3    | Learned a level 2 spell: Blink
 41554 | Elf:3    | Got a pair of twisted boots
 41572 | Elf:3    | Identified the +0 pair of boots "Pasabequ" {rF- Dex+7} (You
                  | found it on level 3 of the Elven Halls)
 41878 | Depths:1 | Entered Level 1 of the Depths
 41880 | Depths:1 | Reached skill level 1 in Evocations
 42262 | Shoals:1 | Entered Level 1 of the Shoals
 42275 | Shoals:1 | Reached skill level 5 in Evocations
 42402 | Shoals:1 | Offered knowledge of Fire Storm by Vehumet.
 42402 | Shoals:1 | Offered knowledge of Shatter by Vehumet.
 42402 | Shoals:1 | Offered knowledge of Ignition by Vehumet.
 42439 | Shoals:1 | Learned a level 8 spell: Ignition
 42448 | Shoals:1 | Noticed Nikola
 42453 | Shoals:1 | Killed Nikola
 43497 | Shoals:2 | Noticed Polyphemus
 43501 | Shoals:2 | Killed Polyphemus
 44183 | Shoals:2 | Reached skill level 10 in Evocations
 45368 | Shoals:3 | Found Ustrez's Food Shoppe.
 45721 | Shoals:3 | Reached skill level 18 in Spellcasting
 45929 | Shoals:3 | Found Dirraef's Magic Scroll Emporium.
 46046 | Shoals:3 | Bought a scroll of blinking for 82 gold pieces
 46046 | Shoals:3 | Bought a scroll of blinking for 82 gold pieces
 46611 | Spider:2 | Reached XP level 19. HP: 112/112 MP: 40/43
 47209 | Spider:2 | Noticed Agnes
 47213 | Spider:2 | Killed Agnes
 47554 | Spider:2 | Found a runed door.
 47554 | Spider:2 | Noticed Bymempis's ghost (adept DsTm)
 47560 | Spider:2 | Killed Bymempis's ghost
 47565 | Spider:2 | Identified the ring of the Crushed Beds {Int+4 Dex+5} (You
                  | found it on level 2 of the Spider Nest)
 48927 | Spider:4 | Entered Level 4 of the Spider Nest
 51536 | Spider:4 | Reached skill level 15 in Evocations
 51580 | Spider:4 | Got a gossamer rune of Zot
 51995 | Shoals:4 | Entered Level 4 of the Shoals
 53056 | Shoals:4 | Found a runed door.
 53059 | Shoals:4 | Noticed poxu's ghost (adept HOFi)
 53331 | Shoals:4 | Reached XP level 20. HP: 117/117 MP: 44/44
 53379 | Shoals:4 | Got a barnacled rune of Zot
 53665 | Shoals:4 | Found the +8 demon blade "Leech" {vamp, rN+ AC-3 EV-3}
 53878 | Lair:3   | Learned a level 8 spell: Death's Door
 54032 | Vaults:1 | Entered Level 1 of the Vaults
 54107 | Vaults:1 | Reached skill level 1 in Necromancy
 54186 | Vaults:1 | Reached skill level 19 in Spellcasting
 55077 | Vaults:1 | Reached skill level 5 in Necromancy
 56133 | Vaults:1 | Reached skill level 15 in Charms
 56890 | Vaults:2 | Noticed Frederick
 56897 | Vaults:2 | Killed Frederick
 57322 | Vaults:2 | Found a staircase to the Crypt.
 58286 | Vaults:3 | Reached skill level 10 in Necromancy
 58287 | Vaults:3 | Reached XP level 21. HP: 122/122 MP: 40/46
 58696 | Vaults:3 | Got a sheer robe
 58697 | Vaults:3 | Identified the +1 robe of Wameis Xefuk {*Corrode Regen+
                  | Str+2 Int+5} (You found it on level 3 of the Vaults)
 60060 | Vaults:4 | Noticed Xtahua
 60449 | Vaults:4 | Killed Xtahua
 60500 | Vaults:4 | Reached skill level 20 in Spellcasting
 62020 | Vaults:4 | Noticed Boris
 62038 | Vaults:4 | Killed Boris
 63541 | Depths:1 | Found Baever Zamo's Assorted Antiques.
 64173 | Depths:1 | Found a gateway to Hell.
 64192 | Depths:1 | Reached XP level 22. HP: 84/127 MP: 45/48
 64459 | Depths:1 | Found Maposank's Jewellery Shoppe.
 64459 | Depths:1 | Found Zemopihi's Gadget Shop.
 64460 | Depths:1 | Found Viaczefie's Jewellery Shoppe.
 64465 | Depths:1 | Bought an uncursed ring of see invisible for 225 gold
                  | pieces
 65213 | Depths:2 | Reached skill level 15 in Necromancy
 65629 | Depths:2 | Found Ickey's Weapon Emporium.
 65636 | Depths:2 | Found Wat Qiaty's Assorted Antiques.
 66060 | Depths:2 | Found Kaisify's Jewellery Shop.
 66179 | Depths:2 | Found a one-way gate leading to the halls of Pandemonium.
 66602 | Depths:3 | Noticed Saint Roka
 66606 | Depths:3 | Killed Saint Roka
 66733 | Depths:3 | Found a one-way gate to the infinite horrors of the Abyss.
 67053 | Depths:3 | Noticed a caustic shrike
 67054 | Depths:3 | Noticed a caustic shrike
 67056 | Depths:3 | Noticed a caustic shrike
 67059 | Depths:3 | Killed a caustic shrike
 67061 | Depths:3 | Killed a caustic shrike
 67064 | Depths:3 | Killed a caustic shrike
 67531 | Depths:3 | Noticed a golden dragon
 67538 | Depths:3 | Killed a golden dragon
 67845 | Depths:3 | Noticed a golden dragon
 67848 | Depths:3 | Killed a golden dragon
 68429 | Depths:3 | Reached XP level 23. HP: 132/132 MP: 49/49
 68574 | Depths:3 | Found a gateway to a ziggurat.
 68754 | Depths:3 | Reached skill level 21 in Spellcasting
 69088 | Depths:3 | Identified the Volume of Transformation and Augmentations
 69462 | Depths:4 | Learned a level 9 spell: Fire Storm
 71080 | Depths:5 | Entered Level 5 of the Depths
 71311 | Depths:5 | Noticed a juggernaut
 71317 | Depths:5 | Killed a juggernaut
 72576 | Depths:5 | Noticed Jory
 73026 | Depths:4 | Killed Jory
 75064 | Depths:5 | Found a gate to the Realm of Zot.
 75073 | Depths:5 | Reached XP level 24. HP: 74/137 MP: 22/50
 76152 | Slime:1  | Entered Level 1 of the Pits of Slime
 78243 | Slime:3  | Gained mutation: You are frail. (-10% HP) [a shining eye]
 79431 | Slime:5  | Entered Level 5 of the Pits of Slime
 79621 | Slime:5  | Noticed the Royal Jelly
 79628 | Slime:5  | Killed the Royal Jelly
 79923 | Slime:5  | Got a warped marble ring
 79924 | Slime:5  | Identified the ring of Pyromania {rF+++ rC++ MP+9} (You
                  | found it on level 5 of the Pits of Slime)
 79953 | Slime:5  | Got a warped trident
 79954 | Slime:5  | Identified the +9 trident of Vizuiggo {protect, rPois Str-3
                  | Dex+4} (You found it on level 5 of the Pits of Slime)
 79983 | Slime:5  | Got a warped jade ring
 79984 | Slime:5  | Identified the ring of Nomesud {Fire Str+5 Slay+3} (You
                  | found it on level 5 of the Pits of Slime)
 79990 | Slime:5  | Got a slimy rune of Zot
 79995 | Slime:5  | Got an ancient robe
 79996 | Slime:5  | Identified the +3 robe "Jugi" {rN++ Dex+4} (You found it on
                  | level 5 of the Pits of Slime)
 80540 | Vaults:5 | Entered Level 5 of the Vaults
 80745 | Vaults:5 | Reached XP level 25. HP: 110/126 MP: 50/50
 81828 | Vaults:5 | HP: 4/126 [quicksilver dragon (10)]
 81830 | Vaults:4 | Slain by a titan

Skill      XL: |  1  2  3  4  5  6  7  8  9 10 11 12 13 14 15 16 17 18 19 20 21 22 23 24 |
---------------+-------------------------------------------------------------------------+-----
Conjurations   | 2 3 4 5 7 9 10 11 12 13 15 17 19 20 | 20.2
Fire Magic     | 4 5 6 7 9 10 11 12 13 15 16 17 19 20 | 20.6
Fighting       | 2 4 6 8 10 | 10.0
Dodging        | 4 7 9 11 12 | 12.0
Spellcasting   | 5 8 9 13 14 16 17 18 19 20 21 | 21.5
Translocations | 2 4 9 10 11 | 11.6
Shields        | 3 4 |  4.0
Charms         | 2 11 13 15 17 19 | 19.0
Air Magic      | 1 8 9 |  9.0
Earth Magic    | 3 5 |  5.0
Evocations     | 11 15 16 18 | 18.5
Necromancy     | 10 14 16 | 16.0
Stealth        | |  2.4

Action                   |  1- 3 |  4- 6 |  7- 9 | 10-12 | 13-15 | 16-18 | 19-21 | 22-24 | 25-27 || total
-------------------------+-------+-------+-------+-------+-------+-------+-------+-------+-------++-------
Melee: Dagger            |       |    53 |    46 |     4 |       |       |       |       |       ||   103
       Staff             |       |       |       |     4 |     1 |       |       |     1 |       ||     6
       Eveningstar       |       |       |       |       |     5 |       |       |       |     1 ||     6
Throw: Stone             |    60 |    17 |       |       |       |       |       |       |       ||    77
       Javelin           |       |    30 |    35 |    61 |    40 |     5 |       |       |       ||   171
 Cast: Flame Tongue      |    80 |    63 |   101 |   107 |   182 |    79 |    14 |       |       ||   626
       Sticky Flame      |       |     5 |    38 |    74 |    57 |    20 |    21 |    12 |     1 ||   228
       Conjure Flame     |       |     1 |     5 |     1 |       |     3 |       |       |       ||    10
       Fireball          |       |       |    11 |   105 |   367 |   276 |   280 |    60 |       ||  1099
       Iskenderun's Batt |       |       |       |       |    20 |    45 |       |     3 |       ||    68
       Bolt of Fire      |       |       |       |       |    22 |   183 |   446 |   415 |    27 ||  1093
       Iron Shot         |       |       |       |       |     6 |    30 |     5 |   114 |       ||   155
       Deflect Missiles  |       |       |       |       |     1 |     1 |     3 |     2 |       ||     7
       Ignition          |       |       |       |       |       |     3 |    33 |    39 |     1 ||    76
       Death's Door      |       |       |       |       |       |       |       |     6 |     1 ||     7
       Fire Storm        |       |       |       |       |       |       |       |    10 |     3 ||    13
       Blink             |       |       |       |       |       |       |       |     1 |       ||     1
Evoke: Wand              |       |       |       |     6 |     4 |       |    12 |    10 |       ||    32
       Staff of energy   |       |       |       |       |       |       |     4 |       |       ||     4
       Crystal ball of e |       |       |       |       |       |       |       |    32 |     3 ||    35
  Use: Scroll            |     4 |     7 |     4 |     7 |    13 |    16 |     7 |     8 |       ||    66
       Potion            |       |       |     1 |       |     2 |     4 |     2 |     3 |       ||    12
  Eat: Chunk             |     4 |     5 |    16 |    30 |    45 |    32 |    45 |    31 |       ||   208
       Ration            |       |     2 |     2 |     5 |     9 |     8 |     3 |     6 |     1 ||    36
Armor: Robe              |     3 |    26 |    14 |    24 |    20 |    28 |     8 |     9 |     9 ||   141
Dodge: Dodged            |    11 |    60 |    63 |   117 |    86 |   115 |    97 |   152 |    36 ||   737
       Deflected         |       |       |       |       |     9 |    29 |    22 |    45 |     6 ||   111
Block: Buckler           |       |       |       |       |    28 |    34 |    46 |    42 |    17 ||   167
